BSA
KANSAS CITY KINGS @ NASHVILLE G-STRINGS
03/19/2027
 
TOP OF THE 1ST
Kansas City Kings batting - Pitching for Madison Bombers : LHP Juan Espinosa
Pitching: LHP Juan Espinosa
Batting: LHB Brian Boone 0-0: Called Strike
0-1: Swinging Strike
0-2: Ball
1-2: Strikes out swinging
Batting: SHB Douglas Taylor 0-0: Foul Ball, location: 2F
0-1: Ball
1-1: Called Strike
1-2: Foul Ball, location: 2F
1-2: Foul Ball, location: 2F
1-2: Foul Ball, location: 2F
1-2: Foul Ball, location: 2F
1-2: Ball
2-2: Foul Ball, location: 2F
2-2: Foul Ball, location: 2F
2-2: Ball
3-2: Base on Balls
Batting: RHB Toshimichi Kono 0-0: Called Strike
0-1: Ball
1-1: Foul Ball, location: 2F
1-2: Ball
2-2: SINGLE (Flyball, 9LS)
Douglas Taylor to second
Runner from 2nd tries for 3rd, SAFE, no throw
Batting: LHB Pablo Reyes 0-0: Fielders Choice at 2nd, 1-6 (Groundball, 13)
Batting: RHB Chris Chandler 0-0: Fly out, F6 (Line Drive, 6)
Top of the 1st over - 0 run(s), 1 hit(s), 0 error(s), 2 left on base; Kansas City 0 - Madison 0
BOTTOM OF THE 1ST
Madison Bombers batting - Pitching for Kansas City Kings : LHP Francisco Morales
Pitching: LHP Francisco Morales
Batting: RHB Guo-xiu Choi 0-0: Ball
1-0: Called Strike
1-1: Ball
2-1: SINGLE (Flyball, 89S)
Batting: SHB Ricardo Arévalo 0-0: Ball
1-0: Called Strike
1-1: Ball
2-1: Ball
3-1: Base on Balls
Guo-xiu Choi to second
Batting: RHB Sergio Márquez 0-0: Foul Ball, location: 2F
0-1: Fly out, F8 (Flyball, 8RM)
Batting: LHB Mike Callahan 0-0: Swinging Strike
0-1: Ball
1-1: Swinging Strike
1-2: Ball
2-2: Ball
3-2: Foul Ball, location: 2F
3-2: DOUBLE (Line Drive, 9D)
Guo-xiu Choi scores
Ricardo Arévalo to third
Batting: RHB Will Brown 0-0: Ground out 5-3 (Groundball, 56S)
Ricardo Arévalo scores
Mike Callahan to third
Batting: SHB Jorge Flores 0-0: Called Strike
0-1: Foul Ball, location: 2F
0-2: Strikes out looking
Bottom of the 1st over - 2 run(s), 2 hit(s), 0 error(s), 1 left on base; Kansas City 0 - Madison 2
TOP OF THE 2ND
Kansas City Kings batting - Pitching for Madison Bombers : LHP Juan Espinosa
Batting: RHB Dave Parker 0-0: Called Strike
0-1: Called Strike
0-2: Ball
1-2: Ground out 1-3 (Groundball, P)
Batting: SHB José Cruz 0-0: Called Strike
0-1: Fly out, F8 (Flyball, 8RD)
Batting: RHB Ronald Parsons 0-0: Ball
1-0: Called Strike
1-1: SINGLE (Popup, 6D)
Batting: RHB Raúl Bruno 0-0: Ball
1-0: Called Strike
1-1: Ball
2-1: Called Strike
2-2: SINGLE (Flyball, 8RS)
Ronald Parsons to second
Batting: LHB Brian Boone 0-0: Called Strike
0-1: Ball
1-1: Fly out, F8 (Flyball, 89M)
Top of the 2nd over - 0 run(s), 2 hit(s), 0 error(s), 2 left on base; Kansas City 0 - Madison 2
BOTTOM OF THE 2ND
Madison Bombers batting - Pitching for Kansas City Kings : LHP Francisco Morales
Batting: RHB William Farmer 0-0: Called Strike
0-1: Swinging Strike
0-2: Foul Ball, location: 2F
0-2: Ball
1-2: Fly out, F9 (Flyball, 9LM)
Batting: RHB Cris Fuentes 0-0: Foul Ball, location: 2F
0-1: Foul Ball, location: 2F
0-2: Ground out 3-1 (Groundball, 23)
Batting: SHB Bob Warren 0-0: Ball
1-0: Called Strike
1-1: Foul Ball, location: 2F
1-2: Ball
2-2: Strikes out swinging
Bottom of the 2nd over - 0 run(s), 0 hit(s), 0 error(s), 0 left on base; Kansas City 0 - Madison 2
TOP OF THE 3RD
Kansas City Kings batting - Pitching for Madison Bombers : LHP Juan Espinosa
Batting: SHB Douglas Taylor 0-0: Ball
1-0: DOUBLE (Flyball, 78D)
Batting: RHB Toshimichi Kono 0-0: SINGLE (Groundball, 34D)
Douglas Taylor to third
Batting: LHB Pablo Reyes 0-0: Ball
1-0: 3-RUN HOME RUN (Flyball, 78XD), Distance : 438 ft
Batting: RHB Chris Chandler 0-0: Ball
1-0: Foul Ball, location: 2F
1-1: Swinging Strike
1-2: Ball
2-2: Ball
3-2: Strikes out swinging
Batting: RHB Dave Parker 0-0: Fly out, F8 (Flyball, 8RM)
Batting: SHB José Cruz 0-0: Called Strike
0-1: Ball
1-1: Ball
2-1: Swinging Strike
2-2: SINGLE (Flyball, 9LM)
Batting: RHB Ronald Parsons 0-0: Swinging Strike
0-1: Foul Ball, location: 2F
0-2: Foul Ball, location: 2F
0-2: Ball
1-2: Ball
2-2: Foul Ball, location: 2F
2-2: Ball
3-2: Base on Balls
José Cruz to second
Batting: RHB Raúl Bruno 0-0: Called Strike
0-1: Foul Ball, location: 2F
0-2: Foul Ball, location: 2F
0-2: Fly out, F8 (Flyball, 78M)
Top of the 3rd over - 3 run(s), 4 hit(s), 0 error(s), 2 left on base; Kansas City 3 - Madison 2
BOTTOM OF THE 3RD
Madison Bombers batting - Pitching for Kansas City Kings : LHP Francisco Morales
Batting: RHB Guo-xiu Choi 0-0: Ball
1-0: Swinging Strike
1-1: Ball
2-1: Bunted foul
2-2: Ball
3-2: Fly out, F2 (Popup, 34S)
Batting: SHB Ricardo Arévalo 0-0: Called Strike
0-1: Ball
1-1: Ground out U3 (Groundball, 34)
Batting: RHB Sergio Márquez 0-0: Swinging Strike
0-1: Fly out, F9 (Flyball, 9LMF)
Bottom of the 3rd over - 0 run(s), 0 hit(s), 0 error(s), 0 left on base; Kansas City 3 - Madison 2
TOP OF THE 4TH
Kansas City Kings batting - Pitching for Madison Bombers : LHP Juan Espinosa
Batting: LHB Brian Boone 0-0: Foul Ball, location: 2F
0-1: Swinging Strike
0-2: Ball
1-2: Ball
2-2: Strikes out swinging
Batting: SHB Douglas Taylor 0-0: Ball
1-0: Called Strike
1-1: Foul Ball, location: 2F
1-2: Ball
2-2: Strikes out swinging
Batting: RHB Toshimichi Kono 0-0: Ball
1-0: Called Strike
1-1: Ball
2-1: Ground out 3-1 (Groundball, 34)
Top of the 4th over - 0 run(s), 0 hit(s), 0 error(s), 0 left on base; Kansas City 3 - Madison 2
BOTTOM OF THE 4TH
Madison Bombers batting - Pitching for Kansas City Kings : LHP Francisco Morales
Batting: LHB Mike Callahan 0-0: Called Strike
0-1: Fly out, F7 (Flyball, 7LS)
Batting: RHB Will Brown 0-0: Called Strike
0-1: Foul Ball, location: 2F
0-2: Ball
1-2: Ball
2-2: DOUBLE (Flyball, 9LM)
Batting: SHB Jorge Flores 0-0: Foul Ball, location: 2F
0-1: Called Strike
0-2: Foul Ball, location: 2F
0-2: Foul Ball, location: 2F
0-2: Ball
1-2: Foul Ball, location: 2F
1-2: Foul Ball, location: 2F
1-2: Foul Ball, location: 2F
1-2: Fly out, F2 (Popup, 23)
Batting: RHB William Farmer 0-0: Ball
1-0: Called Strike
1-1: Fly out, F3 (Popup, 3D)
Bottom of the 4th over - 0 run(s), 1 hit(s), 0 error(s), 1 left on base; Kansas City 3 - Madison 2
TOP OF THE 5TH
Kansas City Kings batting - Pitching for Madison Bombers : LHP Juan Espinosa
Pitching: LHP George Moore
Batting: LHB Pablo Reyes 0-0: Ball
1-0: Ball
2-0: Foul Ball, location: 2F
2-1: Ball
3-1: Base on Balls
Batting: RHB Chris Chandler 0-0: Ball
1-0: Ball
2-0: Foul Ball, location: 2F
2-1: Fly out, F9 (Line Drive, 9D)
Batting: RHB Dave Parker 0-0: Ball
Pablo Reyes is caught stealing 2nd base
1-0: Ball
2-0: Called Strike
2-1: Reached on error, E5 (Groundball, 56)
Batting: SHB José Cruz 0-0: Ball
1-0: Foul Ball, location: 2F
1-1: Called Strike
1-2: Strikes out swinging
Top of the 5th over - 0 run(s), 0 hit(s), 1 error(s), 1 left on base; Kansas City 3 - Madison 2
BOTTOM OF THE 5TH
Madison Bombers batting - Pitching for Kansas City Kings : LHP Francisco Morales
Pitching: RHP Mike Hodges
Batting: RHB Cris Fuentes 0-0: Foul Ball, location: 2F
0-1: Ball
1-1: Ball
2-1: Foul Ball, location: 2F
2-2: Ball
3-2: Base on Balls
Batting: SHB Bob Warren 0-0: Called Strike
0-1: Fly out, F8 (Line Drive, 8LS)
Batting: RHB Guo-xiu Choi 0-0: Called Strike
0-1: Ball
1-1: Swinging Strike
1-2: Ball
2-2: Foul Ball, location: 2F
2-2: Strikes out looking
Batting: SHB Ricardo Arévalo 0-0: Called Strike
0-1: Ball
1-1: Called Strike
1-2: Ball
2-2: Ball
3-2: Strikes out swinging
Bottom of the 5th over - 0 run(s), 0 hit(s), 0 error(s), 1 left on base; Kansas City 3 - Madison 2
TOP OF THE 6TH
Kansas City Kings batting - Pitching for Madison Bombers : LHP George Moore
Batting: RHB Ronald Parsons 0-0: Foul Ball, location: 2F
0-1: SOLO HOME RUN (Flyball, 78XD), Distance : 422 ft
Batting: RHB Raúl Bruno 0-0: Ball
1-0: Swinging Strike
1-1: DOUBLE (Flyball, 78D)
Pinch Hitting: LHB Ray Spencer 0-0: Ball
1-0: Ball
2-0: Called Strike
2-1: Swinging Strike
2-2: Strikes out looking
Pinch Hitting: RHB Michael Thomas 0-0: Ball
1-0: Foul Ball, location: 2F
1-1: Called Strike
1-2: Ball
2-2: Foul Ball, location: 2F
2-2: Ball
3-2: Base on Balls
Batting: LHB Ron Crawford 0-0: Ball
Raúl Bruno steals 3rd base
Michael Thomas to second
1-0: Fly out, F7 (Flyball, 78S)
Runner from 3rd tags up, SCORES, throw made
Pinch Hitting: RHB David Canseco 0-0: Called Strike
0-1: Ball
1-1: Called Strike
1-2: Ball
2-2: Strikes out swinging
Top of the 6th over - 2 run(s), 2 hit(s), 0 error(s), 1 left on base; Kansas City 5 - Madison 2
BOTTOM OF THE 6TH
Madison Bombers batting - Pitching for Kansas City Kings : RHP Mike Hodges
Now at 3B: Michael Thomas
Now in LF: Ray Spencer
Now in RF: John Frost
Batting: RHB Sergio Márquez 0-0: Ground out 5-3 (Groundball, 56)
Batting: LHB Mike Callahan 0-0: Called Strike
0-1: Ground out 4-3 (Groundball, 4)
Batting: RHB Will Brown 0-0: Ball
1-0: Foul Ball, location: 2F
1-1: Fly out, F9 (Flyball, 9)
Bottom of the 6th over - 0 run(s), 0 hit(s), 0 error(s), 0 left on base; Kansas City 5 - Madison 2
TOP OF THE 7TH
Kansas City Kings batting - Pitching for Madison Bombers : LHP George Moore
Pinch Hitting: RHB Keitaro Suzuki 0-0: Foul Ball, location: 2F
0-1: Foul Ball, location: 2F
0-2: Ball
1-2: Fly out, F8 (Flyball, 8LXD)
Pinch Hitting: LHB Vic Robertson 0-0: Ball
1-0: Ball
2-0: Swinging Strike
2-1: Fly out, F8 (Flyball, 8LM)
Pinch Hitting: LHB Manny Salazar 0-0: Swinging Strike
0-1: Ball
1-1: Ball
2-1: Foul Ball, location: 2F
2-2: Ball
3-2: Strikes out swinging
Top of the 7th over - 0 run(s), 0 hit(s), 0 error(s), 0 left on base; Kansas City 5 - Madison 2
BOTTOM OF THE 7TH
Madison Bombers batting - Pitching for Kansas City Kings : RHP Mike Hodges
Now at 1B: Norm Francis
Now at 2B: Keitaro Suzuki
Now in CF: Manny Salazar
Batting: SHB Jorge Flores 0-0: Ball
1-0: Foul Ball, location: 2F
1-1: Ground out 3-1 (Groundball, 34S)
Batting: RHB William Farmer 0-0: Ball
1-0: Called Strike
1-1: Ball
2-1: SINGLE (Line Drive, 4MD)
Batting: RHB Cris Fuentes 0-0: Ball
1-0: Called Strike
1-1: Swinging Strike
1-2: SINGLE (Line Drive, 56D)
William Farmer to second
Batting: SHB Bob Warren 0-0: Ball
1-0: Ball
2-0: TRIPLE (Line Drive, 89D)
William Farmer scores
Cris Fuentes scores
Pitching: RHP Adrián Serrano
Pinch Hitting: RHB John Denton 0-0: SINGLE (Groundball, 6MD)
Bob Warren scores
Pinch Hitting: LHB George Smith 0-0: Ball
1-0: Called Strike
1-1: SINGLE (Groundball, 56D)
John Denton to second
Pinch Hitting: RHB Jesús Cabrera 0-0: Ball
1-0: Ball
2-0: Ball
3-0: Called Strike
3-1: Reached on error, E5 (Groundball, 56S)
John Denton to third
George Smith to second
Pitching: LHP Curt Montgomery
Batting: RHB Eric Thompson 0-0: Ball
1-0: Foul Ball, location: 2F
1-1: Ball
2-1: Ball
3-1: Called Strike
3-2: SINGLE (Groundball, 56)
John Denton scores
George Smith to third
Jesús Cabrera to second
Runner from 3rd tries for Home, SAFE, throw made home
Jesús Cabrera to third
Eric Thompson to second
Pitching: RHP Larry Pérez
Pinch Hitting: LHB Ramón Morales 0-0: Ball
1-0: SINGLE (Line Drive, 34D)
Jesús Cabrera scores
Eric Thompson to third
Runner from 3rd tries for Home, SAFE, no throw
Pinch Hitting: LHB Alex Henderson 0-0: Called Strike
Ramón Morales steals 2nd base
0-1: Fly out, F5 (Flyball, 5D)
Pinch Hitting: LHB Raúl Casillán 0-0: Called Strike
0-1: Ball
1-1: Ball
2-1: SINGLE (Groundball, 4MD)
Ramón Morales to third
Runner from 3rd tries for Home, SAFE, no throw
Batting: RHB Cris Fuentes 0-0: Called Strike
Raúl Casillán steals 2nd base
0-1: Foul Ball, location: 2F
0-2: Foul Ball, location: 2F
0-2: Fly out, F2 (Popup, P)
Bottom of the 7th over - 8 run(s), 8 hit(s), 1 error(s), 1 left on base; Kansas City 5 - Madison 10
TOP OF THE 8TH
Kansas City Kings batting - Pitching for Madison Bombers : LHP George Moore
Pitching: LHP Bill Moore
Now at 1B: Shawn Marshall
Now at 2B: Jesús Cabrera
Now at 3B: Alex Henderson
Now at SS: Greg King
Now in CF: Ramón Morales
Now in RF: John Denton
Batting: RHB Ronald Parsons 0-0: Called Strike
0-1: Ball
1-1: Ground out 6-3 (Groundball, 56)
Pinch Hitting: RHB Dennis Garner 0-0: Ball
1-0: Ball
2-0: SINGLE (Line Drive, 9LS)
Batting: LHB Ray Spencer 0-0: Ball
1-0: Foul Ball, location: 2F
1-1: Ball
2-1: Ball
3-1: Foul Ball, location: 2F
3-2: Foul Ball, location: 2F
3-2: Strikes out looking
Batting: RHB Michael Thomas 0-0: Fielders Choice at 2nd, 6-4 (Groundball, 6)
Top of the 8th over - 0 run(s), 1 hit(s), 0 error(s), 0 left on base; Kansas City 5 - Madison 10
BOTTOM OF THE 8TH
Madison Bombers batting - Pitching for Kansas City Kings : RHP Larry Pérez
Now at SS: Dennis Garner
Pinch Hitting: RHB Júlio Sánchez 0-0: Ball
1-0: SINGLE (Groundball, 4MD)
Batting: RHB John Denton 0-0: Called Strike
0-1: Ball
1-1: Ball
2-1: Ball
3-1: Called Strike
3-2: Strikes out swinging
Batting: RHB Shawn Marshall 0-0: Foul Ball, location: 2F
0-1: Ball
1-1: Ball
2-1: Foul Ball, location: 2F
2-2: Fly out, F7 (Line Drive, 78D)
Batting: RHB Jesús Cabrera 0-0: Ball
1-0: Fielders Choice at 2nd, 5-4 (Groundball, 56)
Bottom of the 8th over - 0 run(s), 1 hit(s), 0 error(s), 0 left on base; Kansas City 5 - Madison 10
TOP OF THE 9TH
Kansas City Kings batting - Pitching for Madison Bombers : LHP Bill Moore
Now in LF: Aurelio Cruz
Batting: LHB Ron Crawford 0-0: Fly out, F7 (Flyball, 7D)
Batting: LHB John Frost 0-0: Ball
1-0: Called Strike
1-1: Ball
2-1: Foul Ball, location: 2F
2-2: SINGLE (Groundball, 34D)
Batting: RHB Keitaro Suzuki 0-0: Swinging Strike
0-1: Ball
1-1: Ball
2-1: Ball
3-1: Grounds into double play, 6-4-3 (Groundball, 6)
Top of the 9th over - 0 run(s), 1 hit(s), 0 error(s), 0 left on base; Kansas City 5 - Madison 10
Thursday, March 30th, 2017 - OOTP Baseball 17.12 Build 75